 Dungeon Crawl Stone Soup version 0.22-a0-259-gdd11e71 (webtiles) character file.

121 Gorglomux the Ducker (level 4, -2/55 HPs)
             Began as a Minotaur Summoner on Mar 5, 2018.
             Killed by divine providence
             ... invoked by an orc priest
              (16 damage)
             ... on level 2 of the Dungeon.
             The game lasted 00:03:27 (1942 turns).

Gorglomux the Ducker (Minotaur Summoner)            Turns: 1942, Time: 00:03:28

Health: -2/55      AC: 22    Str: 12 (14) XL:     4   Next: 77%
Magic:  5/5        EV:  2    Int: 10 (12) God:
Gold:   92         SH:  0    Dex: 10 (13) Spells: 4/5 levels left

rFire    . . .     SeeInvis .   x - +0 falchion
rCold    . . .     Gourm    .   (no shield)
rNeg     + + +     Faith    .   (armour currently unavailable)
rPois    +         Spirit   .   (helmet currently unavailable)
rElec    .         Reflect  .   (cloak currently unavailable)
rCorr    .         Harm     .   (gloves currently unavailable)
MR       .....     NoTele   +   (boots currently unavailable)
Stlth    ++........             (no amulet)
HPRegen  0.18/turn              i - +3 ring of dexterity
MPRegen  0.09/turn              (no ring)

@: tree-form, hasted, very quick
A: (retaliatory headbutt)
a: no special abilities


You were on level 2 of the Dungeon.
You were hungry.
You were a tree.
You visited 1 branch of the dungeon, and saw 2 of its levels.

You collected 92 gold pieces.

Inventory:

Hand Weapons
 g - a +0 spear
 p - a +0 hand axe
 x - a +0 falchion (weapon)
Missiles
 e - 20 stones (quivered)
Armour
 m - a +0 pair of gloves (melded)
 q - a +0 pair of boots (melded)
 r - a +0 scale mail of poison resistance (melded)
Jewellery
 i - a +3 ring of dexterity (left branch)
Scrolls
 d - 3 scrolls of remove curse {unknown}
 h - a scroll of magic mapping {unknown}
 k - a scroll of fear {unknown}
 l - 2 scrolls of teleportation {unknown}
 n - a scroll of enchant weapon {unknown}
 t - 5 scrolls of identify {unknown}
 v - a scroll of blinking {unknown}
Potions
 w - 2 potions of mutation {unknown}
Comestibles
 c - 5 rations


   Skills:
 + Level 2.6 Fighting
 + Level 1.9 Axes
 + Level 2.6 Armour
 + Level 3.4 Dodging
 - Level 1.5 Stealth
 - Level 1.3 Spellcasting
 - Level 2.9 Summonings


You had 4 spell levels left.
You knew the following spells:

 Your Spells              Type           Power        Failure   Level  Hunger
a - Summon Small Mammal   Summ           #...         10%         1    ##.....


Dungeon Overview and Level Annotations

Branches:
Dungeon (2/15)

Altars:


Innate Abilities, Weirdness & Mutations

((You reflexively headbutt those who attack you in melee.))
((You have a pair of horns on your head.))


Message History

The orc priest hits you! The orc hits you but does no damage!
You barely miss the orc priest!
The orc priest is severely wounded!
The orc butt hits you but does no damage!
The orc priest hits you but does no damage!
You chop the orc priest into pieces!
The orc priest butts severely wounded!
The orc hits you but does no damage!
The orc wizard butts you but does no damage!
You cut the orc priest into ribbons!
The orc priest is almost dead!
The orc priest mumbles some strange prayers to Beogh against you!
Butt smites you!!! * * * don't die
* * * The orc hits you but does no damage!
The orc wizard hits you but does butt damage!
You feel better!
The orc priest mumbles some strange prayers to Beogh against you!
Beogh smites you!!! rip

#...# ##........... #...#
#............
#...#####............
#...o..#............. #########
######).............. ........#
##o.)#............. ........#
####..#...#......)....
........####...o#o.###...........
........#....###♣o.###...........
(.........######.#...#...........
........####.....###.............
......<.# ##.##### ###...........
........###..# #..#####.###
........##..## ##.......#
...........## #.###...#
..##.....### #.# #...#
#.##.#....## #.# #...###


You could see an orc priest, an orc wizard and an orc.

Vanquished Creatures
  Jessica (D:2)
  2 adders
  3 dart slugs
  2 leopard geckos (D:1)
  2 orcs (D:2)
  9 bats
  A giant cockroach (D:2)
  7 goblins
  3 hobgoblins (D:1)
  2 kobolds (D:1)
  A quokka (D:2)
  3 frilled lizards (D:1)
  6 rats
42 creatures vanquished.

Vanquished Creatures (collateral kills)
  Terence (D:1)
  A kobold (D:1)
2 creatures vanquished.

Grand Total: 44 creatures vanquished

Notes
Turn   | Place    | Note
-------+----------+-------------------------------------------
     0 | D:1      | Gorglomux the Minotaur Summoner began the quest for the Orb.
     0 | D:1      | Reached XP level 1. HP: 14/14 MP: 1/1
   171 | D:1      | Reached skill level 1 in Fighting
   171 | D:1      | Reached skill level 1 in Armour
   175 | D:1      | Reached XP level 2. HP: 19/23 MP: 0/3
   721 | D:1      | Reached XP level 3. HP: 28/29 MP: 4/4
   771 | D:2      | Noticed Terence
   793 | D:1      | Reached skill level 3 in Dodging
  1096 | D:1      | Killed Terence
  1096 | D:1      | Reached skill level 1 in Axes
  1301 | D:2      | Reached XP level 4. HP: 26/36 MP: 5/5
  1586 | D:2      | Noticed Jessica
  1592 | D:2      | Killed Jessica
  1942 | D:2      | Killed from afar by an orc priest

Vault maps used:
D:1:      dpeg_arrival_chambers_temple_mockup
D:2:      wad_floor_pattern_2, uniq_jessica, uniq_terence

Skill      XL: |  1  2  3 |
---------------+----------+-----
Fighting       | 1 2 |  2.6
Armour         | 1 2 |  2.6
Dodging        | 3 |  3.4
Axes           | 1 |  1.9
Stealth        | |  1.5
Spellcasting   | |  1.3
Summonings     | |  2.9

Action                   |  1- 3 |  4- 6 || total
-------------------------+-------+-------++-------
Melee: Unarmed           |     7 |       ||     7
       Spear             |    84 |    24 ||   108
       Headbutt          |    13 |     5 ||    18
       Falchion          |       |    29 ||    29
Throw: Stone             |     7 |     4 ||    11
 Cast: Summon Small Mamm |     7 |       ||     7
  Use: Potion            |       |     5 ||     5
 Stab: Sleeping          |     4 |       ||     4
  Eat: Chunk             |     1 |     2 ||     3
Armor: Robe              |    18 |       ||    18
       Scale mail        |     4 |    15 ||    19
       Skin              |       |    21 ||    21
Dodge: Dodged            |    58 |    18 ||    76
       Rpst.: Falchion   |       |     2 ||     2

Table legend:
 A = Spawn XP
 B = Non-spawn XP
 C = Spawn XP percentage of total XP
 D = Spawn monster count
 E = Non-spawn monster count
 F = Spawn count percentage of total count
 G = Total turns spent on level
                    A         B        C        D         E        F      G
               +---------+---------+-------+---------+---------+-------+---------
         Total |       0 |     174 |   0.0 |       0 |      44 |   0.0 |  1942
               +---------+---------+-------+---------+---------+-------+---------
           D:1 |       0 |      94 |   0.0 |       0 |      27 |   0.0 |  1283
           D:2 |       0 |      80 |   0.0 |       0 |      17 |   0.0 |   659
               +---------+---------+-------+---------+---------+-------+---------
